 Dungeon Crawl Stone Soup version 0.29-a0-409-gd843f3a48c (webtiles) character file.

Game seed: 2593995214054829182

342 sammy202020 the Skirmisher (level 6, 0/49 HPs)
             Began as a Demonspawn Berserker on May 15, 2022.
             Was a Believer of Trog.
             Slain by Eustachio
             ... wielding a +0 falchion
              (7 damage)
             ... on level 4 of the Dungeon.
             The game lasted 00:04:44 (2551 turns).

sammy202020 the Skirmisher (Demonspawn Berserker)   Turns: 2551, Time: 00:04:44

Health: 0/49       AC:  7    Str: 18      XL:     6   Next: 30%
Magic:  6/6        EV: 11    Int: 10      God:    Trog [**....]
Gold:   51         SH:  0    Dex: 14 (15) Spells: 5/5 levels left

rFire   + . .      SeeInvis .   a - +0 hand axe
rCold   . . .      Faith    .   (no shield)
rNeg    . . .      Spirit   .   k - +1 ring mail "Riepischo" {rPois Dex+3}
rPois   +          Reflect  .   (no helmet)
rElec   .          Harm     .   (no cloak)
rCorr   .          Rampage  .   (no gloves)
Will    .....                   (no boots)
Stlth   +.........              (no amulet)
HPRegen 0.16/turn               b - ring of protection from fire
MPRegen 0.10/turn               (no ring)

@: on berserk cooldown
A: powered by death 1, sharp scales 1, demonic touch 1
a: Renounce Religion, Berserk, Trog's Hand


You were on level 4 of the Dungeon.
You worshipped Trog.
Trog was pleased with you.
You visited 1 branch of the dungeon, and saw 4 of its levels.

You collected 186 gold pieces.
You spent 135 gold pieces at shops.

Inventory:

Hand Weapons
 a - a +0 hand axe (weapon)
 l - a +0 mace
 o - a +0 flail
Armour
 f - a +0 ring mail
 k - the +1 ring mail "Riepischo" (worn) {rPois Dex+3}
   (You bought it in a shop on level 1 of the Dungeon)

   Dex:       It affects your dexterity (+3).
   rPois:     It protects you from poison.
Jewellery
 b - a ring of protection from fire (left hand)
 p - an amulet of faith
Scrolls
 n - a scroll of poison
Potions
 c - 2 potions of attraction
 e - a potion of mutation {unknown}
 g - a potion of might {unknown}
 h - 2 potions of brilliance {unknown}
 i - a potion of resistance {unknown}
 j - a potion of magic {unknown}
 m - a potion of heal wounds {unknown}


   Skills:
 * Level 4.5 Fighting
 * Level 4.0 Axes
 + Level 2.5 Armour
 + Level 2.7 Dodging
 * Level 2.4 Unarmed Combat


You had 5 spell levels left.
You didn't know any spells.
Your spell library was empty.

Dungeon Overview and Level Annotations

Branches:
Dungeon (4/15)
 Temple: D:4-7

Altars:
Cheibriados
Fedhas
Trog
Uskayaw

Shops:
D:1 [

Annotations:
D:4 Eustachio


Innate Abilities, Weirdness & Mutations

You regenerate a little health from kills.
You are partially covered in razor-sharp scales. (AC +1, Slay +1)
Your touch may inflict minor irresistible damage on your foes.


Message History

The crimson imp hits you but does no damage.
Eustachio gestures wildly while chanting.
Eustachio blinks!
You closely miss the river rat.
The river rat is severely wounded.
You hit the crimson imp. The river rat barely misses you.
The crimson imp hits you but does no damage.
The river rat bites you but does no damage.
The crimson imp closely misses you.
You closely miss the river rat. Your touch misses the river rat.
The river rat is severely wounded.
You hit the crimson imp.
The crimson imp disappears in a puff of smoke!
The river rat bites you but does no damage.
The river rat bites you.
* * * LOW HITPOINT WARNING * * *
You completely miss the river rat.
The river rat is severely wounded.
The river rat barely misses you.
You feel better. The river rat barely misses you. The river rat bites you.
You hit the river rat.
You kill the river rat!
The river rat's corpse disappears in a puff of smoke!
You hit the rat.
You kill the rat!
The rat's corpse disappears in a puff of smoke!
You hit Eustachio. Your touch misses Eustachio.
Eustachio is almost dead.
Eustachio hits you but does no damage.
Eustachio mumbles some strange words.
You miss Eustachio. Your punch misses Eustachio.
Eustachio is almost dead.
Eustachio gestures wildly while chanting.
Eustachio hits you with a +0 falchion!
* * * LOW HITPOINT WARNING * * *
You closely miss Eustachio.
Eustachio is almost dead.
You feel yourself speed up. Eustachio hits you with a +0 falchion!
You die...

..### .........
.......... #
#......... #.
##......... ##.#
#..........
#..!###r.........
#@@r5.........
####..........
#....###.......
##...## #.....
##.@..# #....#
##.....# #....#
#......# #.....
#....##.####
#..... #....
#....###.....


You could see Eustachio, a river rat (summoned), an ufetubus (summoned) and a
rat (summoned).

Vanquished Creatures
  Grinder (D:4)
  A black bear (D:4)
  Natasha (D:2)
  An adder (D:3)
  3 dart slugs
  An orc (D:4)
  6 endoplasms
  4 giant cockroaches
  4 goblins
  A hobgoblin (D:4)
  A jackal (D:1)
  2 quokkas
  A ball python (D:1)
  5 bats
  3 frilled lizards
  3 kobolds (D:1)
  5 rats
43 creatures vanquished.

Notes
Turn   | Place    | Note
-------+----------+-------------------------------------------
     0 | D:1      | sammy202020 the Demonspawn Berserker began the quest for
                  | the Orb.
     0 | D:1      | Reached XP level 1. HP: 18/18 MP: 1/1
    92 | D:1      | Gained mutation: Your touch may inflict minor irresistible
                  | damage on your foes. [demonic ancestry]
    92 | D:1      | Reached XP level 2. HP: 7/24 MP: 2/2
   451 | D:1      | Found a faded altar of an unknown god.
   469 | D:1      | Found Geaczeseo's Antique Armour Emporium.
   925 | D:2      | Noticed Natasha
   929 | D:2      | Noticed a crimson imp
   929 | D:2      | Killed Natasha
   930 | D:2      | Reached skill level 1 in Unarmed Combat
   930 | D:2      | Gained mutation: You are partially covered in razor-sharp
                  | scales. (AC +1, Slay +1) [demonic ancestry]
   930 | D:2      | Reached XP level 3. HP: 29/29 MP: 3/3
  1045 | D:2      | Reached ** piety under Trog
  1577 | D:3      | Found a bloodstained altar of Trog.
  1630 | D:3      | Found a snail-covered altar of Cheibriados.
  1733 | D:1      | Bought a turquoise-encrusted ring mail for 135 gold pieces
  1733 | D:1      | Identified the +1 ring mail "Riepischo" {rPois Dex+3} (You
                  | bought it in a shop on level 1 of the Dungeon)
  1955 | D:3      | Found a hide-covered altar of Uskayaw.
  2290 | D:3      | Reached XP level 4. HP: 36/36 MP: 4/4
  2464 | D:4      | Found a blossoming altar of Fedhas.
  2494 | D:4      | Noticed Grinder
  2494 | D:4      | Noticed Eustachio
  2494 | D:4      | Noticed a black bear
  2505 | D:4      | Killed a black bear
  2506 | D:4      | Reached XP level 5. HP: 34/42 MP: 5/5
  2514 | D:4      | Paralysed by Grinder for 2 turns
  2520 | D:4      | Killed Grinder
  2521 | D:4      | Gained mutation: You regenerate a little health from kills.
                  | [demonic ancestry]
  2521 | D:4      | Reached XP level 6. HP: 48/49 MP: 6/6
  2551 | D:4      | Slain by Eustachio

Illustrated notes

Levels and vault maps discovered:
D:1:      giann_wishing_wells, layout_rooms, ebering_ecumenical_altar_mist,
          serial_shops, nicolae_shop_crystal, minmay_pentomino_x2
D:2:      layout_basic, minmay_misc_feat_square, uniq_natasha
D:3:      layout_rooms, lightli_temple_of_fire, mainiacjoe_overflow_boulevard,
          nicolae_uskayaw_suspiria
D:4:      layout_layer_cave, kennysheep_little_box,
          mainiacjoe_overflow_divided_tiny, serial_shops, shop_scrolls,
          uniq_grinder, uniq_sigmund, uniq_eustachio

Skill      XL: |  1  2  3  4  5 |
---------------+----------------+-----
Axes           | 3 4 |  4.0
Dodging        | 2 |  2.7
Armour         | 2 |  2.5
Unarmed Combat | 1 2 |  2.4
Fighting       | 4 |  4.5

Action                   |  1- 3 |  4- 6 || total
-------------------------+-------+-------++-------
Melee: Hand axe          |    63 |    50 ||   113
       Touch             |    12 |    11 ||    23
       Punch             |     1 |       ||     1
Invok: Berserk           |     1 |     1 ||     2
       Trog's Hand       |       |     1 ||     1
  Use: Scroll            |     9 |       ||     9
       Potion            |       |     2 ||     2
Armor: Animal skin       |    13 |       ||    13
       Ring mail         |    11 |    53 ||    64
Dodge: Dodged            |    49 |    48 ||    97

Table legend: (Time is in decaauts)
 A = Elapsed time spent in this place.
 B = Non-inter-level travel time spent in this place.
 C = Inter-level travel time spent in this place.
 D = Time resting spent in this place.
 E = Time spent auto-exploring this place.
 F = Levels seen in this place.
 G = Mean time per level.
                   A        B        C        D        E       F      G
               +--------+--------+--------+--------+--------+-----+--------+
         Total |   2580 |   2477 |    103 |    179 |   1840 |   4 |  645.0 |
       Dungeon |   2580 |   2477 |    103 |    179 |   1840 |   4 |  645.0 |
               +--------+--------+--------+--------+--------+-----+--------+

Top non-repeatable levels by time:
     D:1: 942 daAuts
     D:2: 738 daAuts
     D:3: 660 daAuts
     D:4: 238 daAuts
